AoeStats
← fat_dgk

Black Forest

507212647Analyzed
4v4 RM · 16d ago on Sep 17, 2026· 59m 44s· 8 players
Game mode
Random Map
Map size
Large (8 player)
Population
200
Speed
Normal
Resources
Standard
Victory
Conquest
Starting age
Dark Age
Ending age
Imperial Age
RankedLock teamsTeams togetherTeam positionsShared explorationLock speedFull tech treeHidden civsTurbo modeCheats
Victory
Defeat
🇨🇳 Mongols · China
1245
+16
🇲🇽 Mapuche · Mexico
1243
+16
🇨🇱 Dravidians · Chile
1232
+17
🇦🇷 Britons · Argentina
1224
+17
🇲🇽 Berbers · Mexico
1376
-21
🇭🇰 Khmer · Hong Kong SAR China
1271
-18
🇲🇽 Persians · Mexico
1222
-15
🇺🇸 Celts · United States
1140
-12
derschulerin
1:08 Loom
12:07 Feudal Age
16:36 Castle Age
14:30 Double-Bit Axe
15:25 Horse Collar
21:28 Bow Saw
24:45 Heavy Plow
24:52 Elite Skirmisher
25:50 Gold Mining
26:47 Fishing Lines
27:36 Forging
27:38 Stone Mining
28:42 Wheelbarrow
29:11 Gold Shaft Mining
29:14 Stone Shaft Mining
28:35 Gillnets
28:16 Pikeman
30:03 Iron Casting
29:28 Scale Mail Armor
30:11 Hand Cart
32:40 Imperial Age
30:43 Caravan
30:50 Arson
30:25 Champi Runner
31:34 Malon
31:36 Fletching
32:06 Chain Mail Armor
31:52 Padded Archer Armor
32:38 Ballistics
33:18 Bodkin Arrow
34:29 Blast Furnace
33:59 Plate Mail Armor
33:46 Leather Archer Armor
33:45 Butalmapu
34:02 Conscription
35:53 Chemistry
34:59 Siege Engineers
35:32 Crop Rotation
34:50 Town Watch
35:15 Treadmill Crane
35:00 Halberdier
37:11 Elite Bolas Rider
38:33 Ring Archer Armor
39:11 Town Patrol
54:21 Champi Warrior
59:08 Elite Kona
fat_dgk
3:33 Loom
12:15 Feudal Age
13:09 Double-Bit Axe
21:31 Castle Age
20:50 Town Watch
22:52 Fishing Lines
23:29 Bow Saw
25:27 Fletching
27:33 Wheelbarrow
31:46 Imperial Age
29:18 Gillnets
30:01 Bodkin Arrow
30:08 Scale Mail Armor
30:06 Horse Collar
29:56 Pikeman
30:37 Squires
31:30 Gambesons
32:01 Chain Mail Armor
31:57 Forging
33:51 Chemistry
32:15 Onager
33:29 Town Patrol
33:19 Halberdier
34:57 Plate Mail Armor
35:03 Iron Casting
35:26 Heavy Plow
35:20 Siege Onager
38:23 Ballistics
38:24 Bombard Tower
38:08 Caravan
39:42 Gold Mining
40:43 Wootz Steel
40:44 Conscription
40:44 Hand Cart
50:27 Medical Corps
49:42 Elite Urumi Swordsman
51:00 Hoardings
54:10 Man-at-Arms
55:43 Bracer
56:43 Blast Furnace
55:44 Padded Archer Armor
56:28 Long Swordsman
57:19 Two-Handed Swordsman
Sabio Pervertido
4:47 Loom
11:43 Feudal Age
18:01 Castle Age
15:45 Horse Collar
15:53 Double-Bit Axe
16:25 Gold Mining
18:49 Wheelbarrow
24:54 Fletching
25:05 Padded Archer Armor
25:47 Bodkin Arrow
27:05 Bow Saw
28:03 Leather Archer Armor
28:27 Ballistics
28:30 Stone Mining
29:11 Town Watch
29:28 Heavy Plow
30:37 Yeomen
30:35 Hand Cart
34:11 Imperial Age
33:15 Scale Mail Armor
34:18 Elite Longbowman
35:01 Bracer
36:03 Chemistry
35:33 Masonry
36:27 Two-Man Saw
35:54 Conscription
37:02 Ring Archer Armor
37:01 Scale Barding Armor
37:06 Forging
38:49 Warwolf
39:06 Chain Mail Armor
38:34 Pikeman
39:11 Halberdier
39:51 Squires
41:33 Plate Mail Armor
41:39 Iron Casting
41:50 Siege Engineers
43:04 Chain Barding Armor
43:27 Cavalier
44:07 Husbandry
45:09 Blast Furnace
46:10 Plate Barding Armor
47:17 Caravan
48:59 Light Cavalry
54:32 Gold Shaft Mining
54:29 Architecture
53:39 Treadmill Crane
53:55 Murder Holes
55:22 Man-at-Arms
55:50 Gambesons
57:08 Arson
57:34 Long Swordsman
58:46 Two-Handed Swordsman
59:23 Champion
916036581
1:16 Loom
12:07 Feudal Age
15:39 Castle Age
14:19 Double-Bit Axe
14:18 Horse Collar
22:33 Bow Saw
31:37 Imperial Age
31:05 Wheelbarrow
30:16 Town Watch
31:46 Coinage
31:16 Caravan
31:43 Gold Mining
32:12 Husbandry
32:24 Bloodlines
32:19 Heavy Plow
32:26 Padded Archer Armor
32:16 Fletching
33:23 Gold Shaft Mining
33:54 Chemistry
32:50 Stone Mining
34:06 Conscription
33:40 Onager
35:23 Hand Cart
36:02 Stone Shaft Mining
35:53 Drill
36:42 Siege Engineers
36:58 Ballistics
37:12 Leather Archer Armor
36:52 Bodkin Arrow
37:03 Scale Barding Armor
37:09 Forging
37:27 Elite Mangudai
37:59 Capped Ram
39:12 Siege Ram
39:37 Siege Onager
41:11 Light Cavalry
41:12 Elite Steppe Lancer
47:17 Chain Barding Armor
51:58 Murder Holes
52:13 Fortified Wall
52:14 Masonry
56:52 Iron Casting
61:02 Blast Furnace
orlandgw
2:13 Loom
11:23 Feudal Age
18:22 Castle Age
18:03 Double-Bit Axe
20:34 Bow Saw
21:19 Fishing Lines
22:49 Stone Mining
23:19 Gillnets
24:41 Fletching
25:06 Horse Collar
26:33 Wheelbarrow
27:19 Bodkin Arrow
28:11 Scale Barding Armor
28:36 Hand Cart
28:08 Town Watch
28:26 Gold Mining
29:33 Forging
29:28 Devotion
29:40 Heavy Plow
34:12 Imperial Age
33:59 Iron Casting
34:04 Stone Shaft Mining
34:09 Gold Shaft Mining
33:36 Town Patrol
33:48 Kamandaran
33:24 Pikeman
34:33 Murder Holes
34:59 Ballistics
35:04 Bloodlines
36:59 Blast Furnace
36:05 Husbandry
36:42 Conscription
36:38 Citadels
37:04 Hoardings
36:05 Cavalier
37:18 Crop Rotation
39:04 Chemistry
39:15 Savar
44:10 Crossbowman
45:13 Thumb Ring
44:33 Light Cavalry
45:15 Hussar
51:25 Two-Man Saw
50:29 Caravan
tmams33
5:32 Loom
12:09 Feudal Age
16:15 Castle Age
14:15 Double-Bit Axe
14:28 Horse Collar
17:25 Bow Saw
24:39 Wheelbarrow
23:53 Town Watch
25:26 Fervor
25:39 Treadmill Crane
29:07 Imperial Age
27:08 Hand Cart
27:24 Town Patrol
27:52 Ballistics
27:39 Heavy Plow
27:31 Gold Mining
27:31 Stone Mining
28:40 Masonry
29:18 Gold Shaft Mining
28:34 Stone Mining
28:46 Town Patrol
28:49 Fletching
31:02 Chemistry
30:08 Siege Engineers
29:46 Onager
31:48 Siege Onager
32:49 Forging
32:40 Scale Mail Armor
33:06 Murder Holes
33:21 Fortified Wall
35:41 Stone Shaft Mining
35:48 Furor Celtica
35:31 Stronghold
36:02 Conscription
36:23 Iron Casting
36:03 Chain Mail Armor
36:09 Elite Woad Raider
38:04 Blast Furnace
38:29 Plate Mail Armor
39:27 Hoardings
39:13 Fletching
39:23 Padded Archer Armor
39:48 Capped Ram
42:06 Caravan
46:36 Bodkin Arrow
46:42 Padded Archer Armor
48:39 Elite Skirmisher
49:54 Leather Archer Armor
50:57 Pikeman
52:22 Ring Archer Armor
51:24 Siege Ram
52:01 Halberdier
53:30 Guilds
RedKing
0:48 Loom
12:34 Feudal Age
13:57 Double-Bit Axe
14:32 Town Watch
17:32 Castle Age
15:17 Horse Collar
20:12 Wheelbarrow
22:25 Gold Mining
23:53 Bow Saw
24:13 Heavy Plow
24:43 Stone Mining
25:52 Hand Cart
27:28 Gold Shaft Mining
27:28 Stone Shaft Mining
28:48 Stone Shaft Mining
28:29 Caravan
32:15 Imperial Age
29:37 Fletching
29:47 Padded Archer Armor
30:36 Ballistics
30:13 Bodkin Arrow
30:18 Padded Archer Armor
33:19 Leather Archer Armor
33:29 Thumb Ring
33:46 Bracer
36:04 Ring Archer Armor
35:59 Conscription
36:44 Chemistry
36:18 Kasbah
37:04 Maghrebi Camels
36:42 Elite Camel Archer
37:44 Guard Tower
38:39 Murder Holes
39:18 Husbandry
39:29 Bloodlines
38:49 Onager
40:19 Siege Engineers
39:56 Light Cavalry
41:36 Hussar
44:03 Scale Barding Armor
44:08 Forging
45:25 Chain Barding Armor
46:22 Iron Casting
50:25 Plate Barding Armor
50:50 Blast Furnace
50:32 Crop Rotation
52:01 Blast Furnace
虫
0:29 Loom
12:51 Feudal Age
17:37 Castle Age
15:42 Double-Bit Axe
16:25 Horse Collar
18:48 Bow Saw
18:40 Heavy Plow
27:06 Wheelbarrow
30:53 Imperial Age
29:18 Gold Mining
29:19 Stone Mining
29:46 Hand Cart
29:17 Town Watch
30:52 Gold Shaft Mining
31:30 Town Patrol
32:18 Crop Rotation
32:20 Fortified Wall
34:07 Husbandry
34:18 Bloodlines
33:29 Elite Battle Elephant
34:31 Conscription
34:12 Tusk Swords
37:41 Scale Barding Armor
37:46 Forging
39:06 Chain Barding Armor
39:22 Iron Casting
40:39 Plate Barding Armor
41:04 Blast Furnace
44:29 Hoardings
43:57 Scale Mail Armor
43:58 Padded Archer Armor
43:48 Fletching
44:18 Siege Engineers
44:33 Ballistics
45:14 Chemistry
44:10 Murder Holes
44:07 Heated Shot
44:28 Masonry
44:54 Coinage
44:24 Caravan
56:23 Light Cavalry
Connection lost

Rejoining the realm…

Still unreachable

The connection could not be restored.

Session expired

The server has moved on; the page needs a fresh start.